 Seeded DCSS version 0.28.0-53-g5a82cb258f (webtiles) character file.

Game seed: 20220614 (custom seed)

53 Zeld the Skirmisher (level 3, -2/33 HPs)
             Began as a Hill Orc Fighter on June 14, 2022.
             Was an Initiate of Beogh.
             Killed by divine providence
             ... invoked by an orc priest
              (14 damage)
             ... on level 3 of the Dungeon.
             The game lasted 00:01:29 (1649 turns).

Zeld the Skirmisher (Hill Orc Fighter)              Turns: 1649, Time: 00:01:30

Health: -2/33      AC:  6    Str: 20    XL:     3   Next: 87%
Magic:  3/3        EV:  9    Int:  8    God:    Beogh [......]
Gold:   72         SH:  4    Dex: 10    Spells: 2/2 levels left

rFire   . . .      SeeInvis .   d - +4 hand axe
rCold   . . .      Faith    .   c - +0 buckler
rNeg    . . .      Spirit   .   b - +0 scale mail
rPois   .          Reflect  .   (no helmet)
rElec   .          Harm     .   (no cloak)
rCorr   .          Rampage  .   (no gloves)
Will    .....                   (no boots)
Stlth   ..........              (no amulet)
HPRegen 0.11/turn               (no ring)
MPRegen 0.08/turn               (no ring)

@: no status effects
A: no striking features
a: Renounce Religion


You were on level 3 of the Dungeon.
You worshipped Beogh.
Beogh was noncommittal.
You visited 1 branch of the dungeon, and saw 3 of its levels.

You collected 72 gold pieces.

Inventory:

Hand Weapons
 a - a +0 war axe
 d - a +4 hand axe (weapon)
Armour
 b - a +0 scale mail (worn)
 c - a +0 buckler (worn)
Potions
 e - a potion of invisibility {unknown}
 f - a potion of curing
 g - a potion of haste {unknown}


   Skills:
 + Level 4.0 Fighting
 * Level 3.8 Axes
 + Level 3.6 Armour
 * Level 4.0 Shields


You had 2 spell levels left.
You didn't know any spells.
Your spell library was empty.

Dungeon Overview and Level Annotations

Branches:
Dungeon (3/15)

Altars:
Okawaru


Message History

[Y]es or [N]o only, please.
Really attack the non-hostile orc priest?
You barely miss the orc priest.
The orc priest shouts!
The orc priest looks braver for a moment.
You hit the orc priest but do no damage.
The orc priest barely misses you.
You hit the orc priest.
The orc priest is moderately wounded.
The orc priest hits you with a +0 mace.
You hit the orc priest but do no damage.
The orc priest is moderately wounded.
The orc priest mumbles some strange prayers to Beogh against you.
Beogh smites you!
You barely miss the orc priest.
The orc priest is moderately wounded.
You block the orc priest's attack.
You hit the orc priest but do no damage.
The orc priest is moderately wounded.
The orc priest hits you but does no damage.
You hit the orc priest.
The orc priest is heavily wounded.
You block the orc priest's attack. The orc priest hits you with a +0 mace.
You closely miss the orc priest.
The orc priest is heavily wounded.
The orc priest hits you with a +0 mace.
You barely miss the orc priest.
The orc priest is heavily wounded.
The orc priest mumbles some strange prayers to Beogh against you.
Beogh smites you!
* * * LOW HITPOINT WARNING * * *
You barely miss the orc priest.
The orc priest is heavily wounded.
The orc priest hits you with a +0 mace!
* * * LOW HITPOINT WARNING * * *
You feel better.
The orc priest mumbles some strange prayers to Beogh against you.
Beogh smites you!
You die...
Beogh appreciates the orc priest's killing of a heretic priest.

.#.#### ## .#....#
#.. #.# ##.##.# #.#
#.# .o.)#.# #.# #.#
#.#.#.###.# #.#
#...#.)...######.##
###.##............
#.#.)..........####
#.#..##......o@...#
#.#..##.#########.#
#.#..##.###.......#
###.#..#............#
....#..#............#
#####..#......#####.#
[...#..#......# #[#
###.#..#......# #.#
#.#..##.##### #.#


You could see an orc priest.

Vanquished Creatures
  Terence (D:3)
  An orc wizard (D:3)
  An adder (D:2)
  A white imp (D:3)
  A bat (D:1)
  An endoplasm (D:1)
  3 goblins (D:1)
  2 kobolds
  3 rats
14 creatures vanquished.

Vanquished Creatures (others)
  2 orcs (D:3)
2 creatures vanquished.

Grand Total: 16 creatures vanquished

Notes
Turn   | Place    | Note
-------+----------+-------------------------------------------
     0 | D:1      | Zeld the Hill Orc Fighter began the quest for the Orb.
     0 | D:1      | Reached XP level 1. HP: 19/19 MP: 1/1
   167 | D:1      | Reached XP level 2. HP: 25/27 MP: 2/2
   267 | D:2      | You fall into a shaft and drop 1 floor!
   297 | D:3      | Noticed Terence
   318 | D:3      | Killed Terence
   319 | D:3      | Reached XP level 3. HP: 31/33 MP: 3/3
   872 | D:3      | Found an iron altar of Okawaru.
   898 | D:3      | Became a worshipper of Beogh the Brigand
  1648 | D:3      | HP: 1/33 [orc priest/+0 mace (7)]
  1649 | D:3      | Killed from afar by an orc priest

Illustrated notes

Levels and vault maps discovered:
D:1:      lightli_molten_gateway, layout_basic, serial_shops,
          nicolae_square_shop
D:2:      layout_basic, uniq_jessica, uniq_crazy_yiuf_cottage
D:3:      layout_basic, amcnicky_altar_gilded, mainiacjoe_overflow_swirl,
          uniq_ijyb, uniq_sigmund, uniq_terence

Skill      XL: |  1  2  3 |
---------------+----------+-----
Axes           | 3 |  3.8
Fighting       | 4 |  4.0
Shields        | 4 |  4.0
Armour         | |  3.6

Action                   || total
-------------------------++-------
Melee: War axe           ||    69
       Hand axe          ||    10
Invok: Convert to Beogh  ||     1
  Use: Potion            ||     3
Armor: Scale mail        ||    38
Dodge: Dodged            ||    24
Block: Buckler           ||    13
